AoeStats
← K

Arena

508686298Analyzed
4v4 RM · 10d ago on Sep 23, 2026· 62m 24s· 8 players
Game mode
Random Map
Map size
Large (8 player)
Population
200
Speed
Normal
Resources
Standard
Victory
Conquest
Starting age
Dark Age
Ending age
Imperial Age
RankedLock teamsTeams togetherTeam positionsShared explorationLock speedFull tech treeHidden civsTurbo modeCheats
Victory
Defeat
🇬🇧 Turks · United Kingdom
1238
+13
🇧🇷 Teutons · Brazil
1213
+14
🇦🇺 Dravidians · Australia
1119
+18
🇨🇳 Spanish · China
998
+23
🇩🇪 Poles · Germany
1198
-18
🇵🇪 Italians · Peru
1174
-17
🇨🇦 Celts · Canada
1158
-17
🇵🇪 Persians · Peru
1132
-16
moi
10:24 Feudal Age
11:23 Double-Bit Axe
14:09 Castle Age
15:46 Bow Saw
20:23 Horse Collar
22:55 Forging
22:33 Loom
27:52 Imperial Age
25:34 Gold Mining
27:06 Iron Casting
26:55 Scale Mail Armor
27:15 Gambesons
28:55 Conscription
29:46 Stronghold
32:14 Blast Furnace
31:55 Wheelbarrow
32:05 Gold Shaft Mining
32:08 Capped Ram
32:45 Arson
33:37 Hand Cart
35:08 Siege Ram
36:10 Elite Woad Raider
36:38 Pikeman
40:01 Halberdier
41:43 Chain Mail Armor
44:03 Heavy Plow
44:57 Town Watch
46:02 Plate Mail Armor
52:23 Heavy Scorpion
Peru_Rush
10:05 Feudal Age
13:27 Castle Age
11:37 Loom
12:16 Stone Mining
12:16 Double-Bit Axe
13:24 Horse Collar
22:48 Wheelbarrow
28:31 Imperial Age
26:36 Bow Saw
29:42 Fletching
35:38 Bodkin Arrow
35:44 Padded Archer Armor
36:36 Elite Genoese Crossbowman
38:06 Treadmill Crane
38:55 Ballistics
39:36 Chemistry
39:48 Hand Cart
41:41 Bracer
44:05 Two-Man Saw
43:06 Heavy Plow
42:57 Gold Mining
42:37 Elite Skirmisher
43:48 Leather Archer Armor
45:46 Conscription
47:23 Scale Mail Armor
47:34 Forging
48:07 Squires
50:50 Chain Mail Armor
51:12 Iron Casting
51:18 Crop Rotation
54:51 Arson
55:37 Plate Mail Armor
56:09 Blast Furnace
55:40 Ring Archer Armor
62:37 Thumb Ring
Peru_o_O
6:53 Loom
10:23 Feudal Age
14:39 Castle Age
12:56 Double-Bit Axe
13:20 Horse Collar
20:05 Scale Barding Armor
21:27 Wheelbarrow
22:16 Bloodlines
23:06 Hand Cart
27:26 Bow Saw
30:02 Imperial Age
27:59 Chain Barding Armor
28:48 Husbandry
28:59 Forging
30:17 Iron Casting
29:56 Cavalier
31:20 Plate Barding Armor
33:28 Blast Furnace
33:47 Savar
35:56 Town Watch
49:08 Guilds
51:52 Gold Mining
51:53 Stone Mining
53:59 Light Cavalry
55:40 Scale Mail Armor
55:02 Pikeman
55:43 Squires
57:05 Hussar
60:28 Chain Mail Armor
SPROP
6:43 Loom
10:59 Feudal Age
15:56 Castle Age
14:01 Horse Collar
14:07 Double-Bit Axe
15:41 Bloodlines
15:42 Scale Barding Armor
19:11 Forging
20:26 Husbandry
20:46 Bow Saw
21:54 Heavy Plow
23:37 Wheelbarrow
26:46 Gold Mining
26:47 Stone Mining
27:05 Fletching
27:16 Padded Archer Armor
27:08 Light Cavalry
29:55 Hand Cart
29:05 Elite Skirmisher
34:22 Imperial Age
32:06 Szlachta Privileges
32:54 Chain Barding Armor
33:27 Iron Casting
34:27 Ballistics
34:28 Cavalier
34:28 Winged Hussar
36:28 Blast Furnace
36:23 Conscription
36:24 Lechitic Legacy
38:28 Chemistry
40:44 Scale Mail Armor
41:48 Squires
43:04 Bodkin Arrow
43:24 Leather Archer Armor
43:27 Pikeman
46:24 Chain Mail Armor
51:06 Bracer
51:38 Plate Mail Armor
51:14 Heavy Mounted Crossbowman
Keanoob Reeves
10:44 Feudal Age
14:46 Castle Age
13:33 Double-Bit Axe
13:29 Horse Collar
16:19 Bow Saw
16:11 Heavy Plow
22:08 Wheelbarrow
30:11 Imperial Age
29:33 Ballistics
29:36 Thumb Ring
28:56 Pikeman
32:02 Chemistry
31:11 Siege Elephant
31:47 Halberdier
32:54 Scale Mail Armor
33:04 Forging
34:32 Elite Skirmisher
37:25 Two-Man Saw
36:36 Fletching
36:47 Padded Archer Armor
37:23 Iron Casting
37:03 Chain Mail Armor
37:16 Bodkin Arrow
38:28 Wootz Steel
38:27 Leather Archer Armor
40:38 Plate Mail Armor
41:08 Blast Furnace
43:35 Elite Elephant Archer
44:51 Bracer
45:21 Ring Archer Armor
47:31 Man-at-Arms
47:56 Gambesons
48:12 Squires
47:57 Arson
48:54 Long Swordsman
50:29 Scale Barding Armor
50:02 Elite Urumi Swordsman
50:48 Medical Corps
51:07 Conscription
51:16 Fortified Wall
50:45 Two-Handed Swordsman
52:19 Champion
62:08 Caravan
YuangXue
10:36 Feudal Age
11:18 Double-Bit Axe
14:02 Castle Age
12:53 Horse Collar
18:59 Bow Saw
33:25 Padded Archer Armor
34:09 Bloodlines
33:59 Husbandry
44:26 Imperial Age
43:02 Pikeman
43:43 Squires
43:28 Arson
45:36 Halberdier
46:27 Gambesons
54:30 Wheelbarrow
53:57 Loom
62:11 Wheelbarrow
Kaiser
9:46 Feudal Age
14:28 Castle Age
12:50 Double-Bit Axe
14:15 Horse Collar
16:06 Bow Saw
17:05 Heavy Plow
19:56 Wheelbarrow
21:49 Gold Mining
23:21 Hand Cart
26:53 Imperial Age
24:27 Loom
24:54 Scale Barding Armor
26:11 Chain Barding Armor
26:32 Bloodlines
27:00 Cavalier
28:17 Plate Barding Armor
27:59 Stone Mining
28:30 Forging
28:25 Paladin
29:22 Pikeman
30:02 Squires
30:03 Scale Mail Armor
30:43 Iron Casting
31:02 Stone Shaft Mining
30:12 Halberdier
30:53 Scale Mail Armor
33:08 Blast Furnace
34:04 Conscription
33:44 Fletching
35:27 Chain Mail Armor
38:37 Plate Mail Armor
42:03 Bodkin Arrow
44:25 Arson
45:55 Crenellations
48:25 Chemistry
47:46 Ballistics
58:16 Bombard Tower
K
12:09 Feudal Age
13:57 Double-Bit Axe
16:14 Castle Age
14:08 Gold Mining
21:02 Imperial Age
22:00 Padded Archer Armor
23:40 Leather Archer Armor
26:59 Stone Mining
27:30 Horse Collar
32:35 Wheelbarrow
31:50 Loom
35:06 Ring Archer Armor
35:02 Town Watch
36:12 Gold Shaft Mining
36:48 Forging
36:43 Scale Barding Armor
40:31 Hand Cart
40:11 Fletching
41:45 Thumb Ring
41:16 Capped Ram
42:41 Bodkin Arrow
44:36 Bracer
45:24 Heavy Plow
49:39 Husbandry
49:49 Bloodlines
50:33 Conscription
51:18 Iron Casting
51:03 Chain Barding Armor
56:46 Heavy Camel Rider
Connection lost

Rejoining the realm…

Still unreachable

The connection could not be restored.

Session expired

The server has moved on; the page needs a fresh start.